TOP OF THE 1ST |
Victoria Capitals batting - Pitching for Americus Braves : RHP Matt McGarrity
|
Pitching: RHP Matt McGarrity
|
|
Batting: RHB Mike Reynolds
|
0-0: Ball 1-0: Ball 2-0: Ball 3-0: Called Strike 3-1: Swinging Strike 3-2: Foul Ball, location: 2F 3-2: Strikes out swinging
|
Batting: RHB Antonio Arechiga
|
0-0: Ball 1-0: Fly out, F8 (Flyball, 8RM, EV 95.6 MPH)
|
Batting: RHB Caleb Dean
|
0-0: Ball 1-0: Foul Ball, location: 2F 1-1: Ball 2-1: Ball 3-1: Called Strike 3-2: SOLO HOME RUN (Flyball, 7D, EV 99.4 MPH), Distance : 386 ft
|
Batting: LHB Willard Balcome
|
0-0: Ball 1-0: Called Strike 1-1: Called Strike 1-2: Strikes out looking
|
Top of the 1st over - 1 run, 1 hit, 0 errors, 0 left on base; Victoria 1 - Americus 0 |
BOTTOM OF THE 1ST |
Americus Braves batting - Pitching for Victoria Capitals : RHP Jae-chun Jung
|
Pitching: RHP Jae-chun Jung
|
|
Batting: LHB Garret Mathis
|
0-0: Ball 1-0: Ball 2-0: SINGLE (Groundball, 3D, EV 96.2 MPH)
|
Batting: SHB Chris Morrison
|
0-0: Swinging Strike 0-1: Ball 1-1: Called Strike 1-2: Foul Ball, location: 2F 1-2: Strikes out looking
|
Batting: RHB Scott Hansen
|
0-0: SINGLE (Groundball, 6MD, EV 106.2 MPH) Garret Mathis to second Runner from 2nd tries for 3rd, SAFE, throw by CF made to third
|
Batting: RHB Wilson Salgado
|
0-0: Ball 1-0: Ball 2-0: Ball 3-0: Base on Balls Scott Hansen to second
|
Batting: RHB Josh Maxwell
|
0-0: Foul Ball, location: 2F 0-1: Called Strike 0-2: Ball 1-2: DOUBLE (Flyball, 89XD, EV 101.9 MPH) Garret Mathis scores Scott Hansen scores Wilson Salgado to third Runner from 3rd tries for Home, SAFE, no throw by CF
|
Batting: RHB Jose Florez
|
0-0: Called Strike 0-1: Fly out, F8 (Flyball, 8LD, EV 92.5 MPH)
|
Batting: RHB Chris Foss
|
0-0: SINGLE (Groundball, 3D, EV 105.6 MPH) Josh Maxwell to third Runner from 3rd tries for Home, SAFE, throw by RF to home
|
Batting: SHB Vladimir Guerrero III
|
0-0: Ball 1-0: Called Strike 1-1: Foul Ball, location: 2F 1-2: Fly out, F8 (Flyball, 8RM, EV 74.4 MPH)
|
Bottom of the 1st over - 4 runs, 4 hits, 0 errors, 1 left on base; Victoria 1 - Americus 4 |
TOP OF THE 2ND |
Victoria Capitals batting - Pitching for Americus Braves : RHP Matt McGarrity
|
Batting: SHB Rich Roberts
|
0-0: Ball 1-0: Ground out 6-3 (Groundball, 6, EV 102.5 MPH)
|
Batting: LHB Jason Cary
|
0-0: Ball 1-0: Ball 2-0: Called Strike 2-1: Ball 3-1: Foul Ball, location: 2F 3-2: Fly out, F8 (Flyball, 78M, EV 85.0 MPH)
|
Batting: LHB Mike Jones
|
0-0: Ball 1-0: Ball 2-0: Ball 3-0: Called Strike 3-1: Called Strike 3-2: Strikes out looking
|
Top of the 2nd over - 0 runs, 0 hits, 0 errors, 0 left on base; Victoria 1 - Americus 4 |
BOTTOM OF THE 2ND |
Americus Braves batting - Pitching for Victoria Capitals : RHP Jae-chun Jung
|
Batting: LHB Pappy Sterile
|
0-0: Called Strike 0-1: Foul Ball, location: 2F 0-2: Ball 1-2: Ball 2-2: Foul Ball, location: 2F 2-2: Strikes out looking
|
Batting: LHB Garret Mathis
|
0-0: Called Strike 0-1: Ball 1-1: SINGLE (Groundball, 3D, EV 98.1 MPH)
|
Batting: SHB Chris Morrison
|
0-0: Called Strike 0-1: Ball 1-1: DOUBLE (Flyball, 8LXD, EV 110.0 MPH) Garret Mathis to third
|
Batting: RHB Scott Hansen
|
0-0: Ball 1-0: Foul Ball, location: 2F 1-1: Ball 2-1: Called Strike 2-2: Foul Ball, location: 2F 2-2: Foul Ball, location: 2F 2-2: Fly out, F7 (Flyball, 7, EV 79.4 MPH)
|
Batting: RHB Wilson Salgado
|
0-0: Called Strike 0-1: Ball 1-1: Swinging Strike 1-2: Foul Ball, location: 2F 1-2: Ball 2-2: Foul Ball, location: 2F 2-2: SINGLE (Groundball, 56S, EV 73.8 MPH) (infield hit) Garret Mathis scores Chris Morrison to third
|
Pitching: RHP Victor Ocampo
|
|
Batting: RHB Josh Maxwell
|
0-0: Fly out, F7 (Flyball, 78M, EV 83.8 MPH)
|
Bottom of the 2nd over - 1 run, 3 hits, 0 errors, 2 left on base; Victoria 1 - Americus 5 |
TOP OF THE 3RD |
Victoria Capitals batting - Pitching for Americus Braves : RHP Matt McGarrity
|
Batting: RHB Hyeon-cheong Lee
|
0-0: Ball 1-0: Foul Ball, location: 2F 1-1: Swinging Strike 1-2: Strikes out swinging
|
Batting: RHB Ray Wathey
|
0-0: Called Strike 0-1: Fly out, F6 (Popup, 4M, EV 65.6 MPH)
|
Batting: RHB Mike Reynolds
|
0-0: Ball 1-0: Called Strike 1-1: Called Strike 1-2: Ball 2-2: SINGLE (Groundball, 56D, EV 100.0 MPH)
|
Batting: RHB Antonio Arechiga
|
0-0: Ball 1-0: Fly out, F9 (Flyball, 89D, EV 99.4 MPH)
|
Top of the 3rd over - 0 runs, 1 hit, 0 errors, 1 left on base; Victoria 1 - Americus 5 |
BOTTOM OF THE 3RD |
Americus Braves batting - Pitching for Victoria Capitals : RHP Victor Ocampo
|
Batting: RHB Jose Florez
|
0-0: Called Strike 0-1: Foul Ball, location: 2F 0-2: Ball 1-2: Ball 2-2: Strikes out swinging
|
Batting: RHB Chris Foss
|
0-0: Ball 1-0: Ball 2-0: Ball 3-0: Base on Balls
|
Batting: SHB Vladimir Guerrero III
|
0-0: Ball 1-0: Ball 2-0: Called Strike 2-1: Swinging Strike 2-2: Foul Ball, location: 2F 2-2: Ball 3-2: Strikes out swinging
|
Batting: LHB Pappy Sterile
|
0-0: Foul Ball, location: 2F 0-1: Foul Ball, location: 2F 0-2: Strikes out swinging
|
Bottom of the 3rd over - 0 runs, 0 hits, 0 errors, 1 left on base; Victoria 1 - Americus 5 |
TOP OF THE 4TH |
Victoria Capitals batting - Pitching for Americus Braves : RHP Matt McGarrity
|
Batting: RHB Caleb Dean
|
0-0: Ball 1-0: Ball 2-0: Called Strike 2-1: Ball 3-1: SINGLE (Line Drive, 7S, EV 110.0 MPH)
|
Batting: LHB Willard Balcome
|
0-0: Ball 1-0: Ball 2-0: Fly out, F5 (Popup, 5, EV 55.6 MPH)
|
Batting: SHB Rich Roberts
|
0-0: Grounds into double play, 4-6-3 (Groundball, 13, EV 79.4 MPH)
|
Top of the 4th over - 0 runs, 1 hit, 0 errors, 0 left on base; Victoria 1 - Americus 5 |
BOTTOM OF THE 4TH |
Americus Braves batting - Pitching for Victoria Capitals : RHP Victor Ocampo
|
Batting: LHB Garret Mathis
|
0-0: Ball 1-0: Ball 2-0: Foul Ball, location: 2F 2-1: Foul Ball, location: 2F 2-2: Foul Ball, location: 2F 2-2: Ball 3-2: Foul Ball, location: 2F 3-2: Ground out 6-3 (Groundball, 4, EV 92.5 MPH)
|
Batting: SHB Chris Morrison
|
0-0: Foul Ball, location: 2F 0-1: Ball 1-1: Foul Ball, location: 2F 1-2: Foul Ball, location: 2F 1-2: Ball 2-2: Strikes out swinging
|
Batting: RHB Scott Hansen
|
0-0: Ball 1-0: Called Strike 1-1: Ball 2-1: Ball 3-1: SOLO HOME RUN (Line Drive, 78XD, EV 108.1 MPH), Distance : 447 ft
|
Batting: RHB Wilson Salgado
|
0-0: Swinging Strike 0-1: Ball 1-1: Foul Ball, location: 2F 1-2: SOLO HOME RUN (Line Drive, 7LD, EV 96.2 MPH), Distance : 359 ft
|
Batting: RHB Josh Maxwell
|
0-0: Ground out 5-3 (Groundball, 56, EV 83.1 MPH)
|
Bottom of the 4th over - 2 runs, 2 hits, 0 errors, 0 left on base; Victoria 1 - Americus 7 |
TOP OF THE 5TH |
Victoria Capitals batting - Pitching for Americus Braves : RHP Matt McGarrity
|
Batting: LHB Jason Cary
|
0-0: Swinging Strike 0-1: Ball 1-1: Ball 2-1: Foul Ball, location: 2F 2-2: Strikes out swinging
|
Batting: LHB Mike Jones
|
0-0: Ball 1-0: Ball 2-0: Called Strike 2-1: Ball 3-1: Base on Balls
|
Batting: RHB Hyeon-cheong Lee
|
0-0: Fly out, F4 (Flyball, 4MD, EV 91.2 MPH)
|
Batting: RHB Ray Wathey
|
0-0: Ball 1-0: Called Strike 1-1: Called Strike 1-2: Ball 2-2: Foul Ball, location: 2F 2-2: Strikes out swinging
|
Top of the 5th over - 0 runs, 0 hits, 0 errors, 1 left on base; Victoria 1 - Americus 7 |
BOTTOM OF THE 5TH |
Americus Braves batting - Pitching for Victoria Capitals : RHP Victor Ocampo
|
Batting: RHB Jose Florez
|
0-0: Called Strike 0-1: Foul Ball, location: 2F 0-2: Single, Error in OF, E7, batter to second base (Line Drive, 56D, EV 104.4 MPH)
|
Batting: RHB Chris Foss
|
0-0: Ball 1-0: Ball 2-0: Swinging Strike 2-1: Swinging Strike 2-2: Foul Ball, location: 2F 2-2: Ball 3-2: Foul Ball, location: 2F 3-2: Base on Balls
|
Batting: SHB Vladimir Guerrero III
|
0-0: Ball 1-0: Ball 2-0: Ball 3-0: Called Strike 3-1: Fly out, F9 (Flyball, 89M, EV 96.2 MPH) Runner from 2nd tags up, SAFE at 3rd with throw by RF
|
Pitching: RHP Manny Ojeda
|
|
Batting: LHB Pappy Sterile
|
0-0: Ball 1-0: Ball 2-0: Swinging Strike 2-1: Called Strike 2-2: Strikes out swinging
|
Batting: LHB Garret Mathis
|
0-0: Called Strike 0-1: Foul Ball, location: 2F 0-2: Ball 1-2: Ball 2-2: Ball 3-2: Ground out 5-3 (Groundball, 6, EV 80.0 MPH)
|
Bottom of the 5th over - 0 runs, 1 hit, 1 error, 2 left on base; Victoria 1 - Americus 7 |
TOP OF THE 6TH |
Victoria Capitals batting - Pitching for Americus Braves : RHP Matt McGarrity
|
Batting: RHB Mike Reynolds
|
0-0: SINGLE (Groundball, 4MD, EV 110.0 MPH)
|
Batting: RHB Antonio Arechiga
|
0-0: Fly out, F8 (Line Drive, 89M, EV 104.4 MPH)
|
Batting: RHB Caleb Dean
|
0-0: Called Strike 0-1: Ball Wild Pitch! Mike Reynolds to second 1-1: Ball 2-1: Ball 3-1: Base on Balls
|
Batting: LHB Willard Balcome
|
0-0: Swinging Strike 0-1: Swinging Strike 0-2: Foul Ball, location: 2F 0-2: Ball 1-2: Ball 2-2: Foul Ball, location: 2F 2-2: Ball 3-2: Base on Balls Mike Reynolds to third Caleb Dean to second
|
Batting: SHB Rich Roberts
|
0-0: Swinging Strike 0-1: Grounds into double play, 3-6-3 (Groundball, 34, EV 85.6 MPH)
|
Top of the 6th over - 0 runs, 1 hit, 0 errors, 2 left on base; Victoria 1 - Americus 7 |
BOTTOM OF THE 6TH |
Americus Braves batting - Pitching for Victoria Capitals : RHP Manny Ojeda
|
Batting: SHB Chris Morrison
|
0-0: Hit by Pitch
|
Batting: RHB Scott Hansen
|
0-0: Foul Ball, location: 2F 0-1: Foul Ball, location: 2F 0-2: Ball 1-2: Ball 2-2: Ball 3-2: Fielders Choice at 2nd, 4-6 (Groundball, 34, EV 101.2 MPH)
|
Batting: RHB Wilson Salgado
|
0-0: Ball 1-0: Fly out, F8 (Flyball, 8LM, EV 94.4 MPH)
|
Batting: RHB Josh Maxwell
|
0-0: Called Strike 0-1: Foul Ball, location: 2F 0-2: Strikes out swinging
|
Bottom of the 6th over - 0 runs, 0 hits, 0 errors, 1 left on base; Victoria 1 - Americus 7 |
TOP OF THE 7TH |
Victoria Capitals batting - Pitching for Americus Braves : RHP Matt McGarrity
|
Batting: LHB Jason Cary
|
0-0: Called Strike 0-1: Fly out, F5 (Flyball, 5D, EV 85.6 MPH)
|
Batting: LHB Mike Jones
|
0-0: SOLO HOME RUN (Line Drive, 9D, EV 102.5 MPH), Distance : 399 ft
|
Batting: RHB Hyeon-cheong Lee
|
0-0: Foul Ball, location: 2F 0-1: Called Strike 0-2: Foul Ball, location: 2F 0-2: Ball 1-2: Strikes out looking
|
Batting: RHB Ray Wathey
|
0-0: Ball 1-0: Called Strike 1-1: Called Strike 1-2: Ball 2-2: Ball 3-2: Ground out 5-3 (Groundball, 56S, EV 73.1 MPH)
|
Top of the 7th over - 1 run, 1 hit, 0 errors, 0 left on base; Victoria 2 - Americus 7 |
BOTTOM OF THE 7TH |
Americus Braves batting - Pitching for Victoria Capitals : RHP Manny Ojeda
|
Batting: RHB Jose Florez
|
0-0: Ball 1-0: Foul Ball, location: 2F 1-1: Ball 2-1: Ball 3-1: Swinging Strike 3-2: SINGLE (Line Drive, 8LS, EV 94.4 MPH)
|
Batting: RHB Chris Foss
|
0-0: Swinging Strike 0-1: Called Strike 0-2: Strikes out looking
|
Batting: SHB Vladimir Guerrero III
|
0-0: Swinging Strike 0-1: Foul Ball, location: 2F 0-2: Ball 1-2: Ball 2-2: Ball Jose Florez is caught stealing 2nd base 2-6 3-2: Ground out 4-3 (Groundball, 4, EV 101.9 MPH)
|
Bottom of the 7th over - 0 runs, 1 hit, 0 errors, 0 left on base; Victoria 2 - Americus 7 |
TOP OF THE 8TH |
Victoria Capitals batting - Pitching for Americus Braves : RHP Matt McGarrity
|
Pinch Hitting: LHB Adam Lupfer
|
0-0: Ball 1-0: Foul Ball, location: 2F 1-1: Ball 2-1: Foul Ball, location: 2F 2-2: Ground out U3 (Groundball, 13, EV 83.1 MPH)
|
Pitching: RHP John Collins
|
|
Pinch Hitting: LHB Yen-ti Zhu
|
0-0: Ball 1-0: Swinging Strike 1-1: Swinging Strike 1-2: Ground out 4-3 (Groundball, 4D, EV 96.9 MPH)
|
Batting: RHB Caleb Dean
|
0-0: Ball 1-0: Ball 2-0: Called Strike 2-1: Foul Ball, location: 2F 2-2: Ball 3-2: Base on Balls
|
Batting: LHB Willard Balcome
|
0-0: Ball 1-0: Ball 2-0: Ground out 5-3 (Groundball, 56S, EV 73.8 MPH)
|
Top of the 8th over - 0 runs, 0 hits, 0 errors, 1 left on base; Victoria 2 - Americus 7 |
BOTTOM OF THE 8TH |
Americus Braves batting - Pitching for Victoria Capitals : RHP Manny Ojeda
|
Now at 3B: Yen-ti Zhu
|
|
Now in CF: Hyeon-cheong Lee
|
|
Now in RF: Rick Harrison
|
|
Batting: LHB Pappy Sterile
|
0-0: Ball 1-0: Ball 2-0: Ball 3-0: Called Strike 3-1: SOLO HOME RUN (Flyball, 9D, EV 101.2 MPH), Distance : 381 ft
|
Batting: LHB Garret Mathis
|
0-0: Ball 1-0: Ball 2-0: SINGLE (Line Drive, 5D, EV 93.8 MPH)
|
Pitching: RHP Jim Tremel
|
|
Batting: SHB Chris Morrison
|
0-0: Swinging Strike 0-1: Fielders Choice at 2nd, 4-6 (Groundball, 4, EV 91.9 MPH)
|
Batting: RHB Scott Hansen
|
0-0: Ball 1-0: Ball 2-0: Ball 3-0: Called Strike 3-1: Base on Balls Chris Morrison to second
|
Batting: RHB Wilson Salgado
|
0-0: 3-RUN HOME RUN (Flyball, 7LD, EV 93.8 MPH), Distance : 358 ft
|
Batting: RHB Josh Maxwell
|
0-0: Ball 1-0: Swinging Strike 1-1: Called Strike 1-2: Strikes out looking
|
Batting: RHB Jose Florez
|
0-0: Foul Ball, location: 2F 0-1: Called Strike 0-2: Foul Ball, location: 2F 0-2: Ball 1-2: Ball 2-2: Foul Ball, location: 2F 2-2: Strikes out swinging
|
Bottom of the 8th over - 4 runs, 3 hits, 0 errors, 0 left on base; Victoria 2 - Americus 11 |
TOP OF THE 9TH |
Victoria Capitals batting - Pitching for Americus Braves : RHP John Collins
|
Pinch Hitting: RHB Roberto Medina
|
0-0: Ball 1-0: Ball 2-0: Called Strike 2-1: Ground out 4-3 (Groundball, 4, EV 88.1 MPH)
|
Batting: RHB Nick Ellis
|
0-0: Called Strike 0-1: Ball 1-1: Ball 2-1: Foul Ball, location: 2F 2-2: Foul Ball, location: 2F 2-2: Foul Ball, location: 2F 2-2: Ball 3-2: Base on Balls
|
Pinch Hitting: RHB Mike Barker
|
0-0: Called Strike 0-1: Swinging Strike 0-2: Ball 1-2: Strikes out swinging
|
Pinch Hitting: RHB Jeremy Marin
|
0-0: Foul Ball, location: 2F 0-1: Swinging Strike 0-2: Ball 1-2: Ball 2-2: Foul Ball, location: 2F 2-2: Fly out, F8 (Flyball, 8LD, EV 95.0 MPH)
|
Top of the 9th over - 0 runs, 0 hits, 0 errors, 1 left on base; Victoria 2 - Americus 11 |
|